[Event "Late-Titled-Tuesday-Blitz-February-06-2024"]
[Site "Chess.com"]
[Date "2024.02.06"]
[Round "11"]
[White "mjelcic"]
[Black "Dinamo3"]
[Result "0-1"]
[WhiteElo "2202"]
[BlackElo "2483"]
[TimeControl "180+1"]
[EndTime "16:01:31 PST"]
[Termination "Dinamo3 won by resignation"]

1. d4 Nf6 2. Nf3 g6 3. c4 Bg7 4. Nc3 O-O 5. e4 d6 6. Be2 e5 7.
dxe5 dxe5 8. Bg5 c6 9. Qxd8 Rxd8 10. Nxe5 Re8 11. Nf3 Nxe4 12. Nxe4 Rxe4 13. Be3 Bxb2 14. Rb1 Bf6 15. O-O Na6 16. c5 Nc7 17. Bd3 Re8 18. Nd4 Nd5 19. Nc2 Nxe3 20. Nxe3 Bd4 21. Rbc1 Rxe3 22.
fxe3 Bxe3+ 23. Kh1 Bxc1 24. Rxc1 Be6 25. Rb1 Rd8 26. Be4 Bxa2 27. Ra1 Bd5 28. h3 Bxe4 0-1

[Event "Late-Titled-Tuesday-Blitz-February-06-2024"]
[Site "Chess.com"]
[Date "2024.02.06"]
[Round "11"]
[White "jsdbv18"]
[Black "alexrustemov"]
[Result "0-1"]
[WhiteElo "2620"]
[BlackElo "2786"]
[TimeControl "180+1"]
[EndTime "16:01:42 PST"]
[Termination "alexrustemov won by resignation"]

1. d4 g6 2. e4 Bg7 3. Nf3 d6 4. Bc4 e6 5. Qe2 Ne7 6. Bb3 Nd7 7. Nbd2 b6 8. c3 Bb7 9. Nf1 c5 10. Ng3 Qc7 11. O-O O-O 12. Bf4 Rac8 13. Rad1 Rfd8 14. Rd2 cxd4 15. Nxd4 Ne5 16. Rfd1 a6 17. h4 N7c6 18. Nxe6 fxe6 19. Bxe6+ Kh8 20. Bxc8 Bxc8 21. h5 Bg4 22. f3 Bxh5 23. Nxh5 gxh5 24. Qxa6 h4 25. Qc4 Nxc4 0-1

[Event "Late-Titled-Tuesday-Blitz-February-06-2024"]
[Site "Chess.com"]
[Date "2024.02.06"]
[Round "11"]
[White "IraZyne"]
[Black "GiorgianBarbosa"]
[Result "0-1"]
[WhiteElo "2334"]
[BlackElo "2495"]
[TimeControl "180+1"]
[EndTime "16:02:13 PST"]
[Termination "GiorgianBarbosa won by resignation"]

1. e4 c5 2. Nc3 d6 3. g3 h5 4. h3 Nc6 5. Bg2 e5 6. d3 Nd4 7. Nge2 Be6 8. Be3 Qd7 9. f4 g6 10. Nd5 Bxd5 11. exd5 Bg7 12. c3 Nxe2 13. Qxe2 Ne7 14. O-O O-O 15. fxe5 Bxe5 16. Bf2 Rae8 17. Qd2 Nf5 18. g4 hxg4 19. hxg4 Ng3 20. Bxg3 Bxg3 21. Qg5 Qe7 22. Qxe7 Rxe7 23. Rf3 Bh4 24. Rh3 Bg5 25. Bf3 Kg7 26. Kg2 Re3 27. Rd1 Rfe8 28. Kf2 b5 29. Be4 Rxh3 0-1

[Event "Late-Titled-Tuesday-Blitz-February-06-2024"]
[Site "Chess.com"]
[Date "2024.02.06"]
[Round "11"]
[White "MrKooshaChess_Twitch"]
[Black "katharinareinecke"]
[Result "1-0"]
[WhiteElo "2737"]
[BlackElo "1958"]
[TimeControl "180+1"]
[EndTime "16:02:30 PST"]
[Termination "MrKooshaChess_Twitch won by checkmate"]

1. d4 d5 2. c4 c6 3. Nf3 Nf6 4. Nc3 e6 5. e3 Be7 6. b3 O-O 7. Bb2 a6 8. Bd3 b5 9. O-O Bb7 10. Ne5 Nbd7 11. f4 bxc4 12. bxc4 dxc4 13. Bxc4 c5 14. Nxd7 Nxd7 15. d5 exd5 16. Nxd5 Bxd5 17. Bxd5 Rb8 18. Bc3 Nf6 19. Bc4 Qxd1 20. Rfxd1 Ne4 21. Be5 Rb6 22. Rd7 Bf6 23. Rad1 Bxe5 24. Rxf7 Nd6 25.
Rxd6 Rxd6 26. Rf6+ Rf7 27. Rxf7 Rd1+ 28. Kf2 Rc1 29. Be6 Ba1 30. Rf6+ Kh8 31. Rf8# 1-0

[Event "Late-Titled-Tuesday-Blitz-February-06-2024"]
[Site "Chess.com"]
[Date "2024.02.06"]
[Round "11"]
[White "j_coca"]
[Black "Pachonpower"]
[Result "1/2-1/2"]
[WhiteElo "2440"]
[BlackElo "2299"]
[TimeControl "180+1"]
[EndTime "16:02:34 PST"]
[Termination "Game drawn by repetition"]

1. f4 e6 2. Nf3 d5 3. d4 Nf6 4. e3 b6 5. c3 Bb7 6. Ne5 a6 7. Nd2 Nbd7 8. Bd3 Bd6 9. O-O O-O 10.
Rf3 Ne4 11. Rh3 Bxe5 12. fxe5 h6 13. Qg4 f5 14. exf6 Qxf6 15. Rf3 Qe7 16. Nxe4 dxe4 17.
Rxf8+ Rxf8 18. Bc4 Kh8 19. Qxe6 Qh4 20. g3 Qh5 21.
Qxd7 Bc8 22. Qe7 Qd1+ 23. Kg2 Qf3+ 24. Kg1 Qd1+ 25. Kg2 Qf3+ 26. Kg1 Qd1+ 1/2-1/2

[Event "Late-Titled-Tuesday-Blitz-February-06-2024"]
[Site "Chess.com"]
[Date "2024.02.06"]
[Round "11"]
[White "Chessdude1987"]
[Black "Atousa"]
[Result "0-1"]
[WhiteElo "2324"]
[BlackElo "2493"]
[TimeControl "180+1"]
[EndTime "16:02:41 PST"]
[Termination "Atousa won by resignation"]

1. e4 c5 2. Nf3 e6 3. d4 cxd4 4. Nxd4 a6 5. Nc3 Qc7 6. g3 Bb4 7. Ne2 Nf6 8. Bg2 Nc6 9. O-O Be7 10. Nd4 d6 11. Re1 O-O 12. Nxc6 bxc6 13. e5 dxe5 14. Qe2 Bc5 15. h3 e4 16. Bf4 Qa7 17. Nxe4 Nxe4 18. Bxe4 f5 19. Bxc6 Bb7 20. Bxb7 Qxb7 21.
Qxe6+ Kh8 22. Qb3 Qa7 23. Be3 f4 24. Bxc5 Qxc5 25. gxf4 Rxf4 26. Qe3 Qg5+ 27. Qg3 Qf6 28. Rad1 Rf8 29. c3 Rxf2 30. Rf1 Rxf1+ 0-1

[Event "Late-Titled-Tuesday-Blitz-February-06-2024"]
[Site "Chess.com"]
[Date "2024.02.06"]
[Round "11"]
[White "betta2004"]
[Black "MeisterJabo"]
[Result "1-0"]
[WhiteElo "2574"]
[BlackElo "2376"]
[TimeControl "180+1"]
[EndTime "16:02:45 PST"]
[Termination "betta2004 won by checkmate"]

1. d4 Nf6 2. Nc3 d5 3. Bf4 e6 4. Nb5 Bb4+ 5. c3 Ba5 6. a4 a6 7.
Na3 c6 8. b4 Bc7 9. Bxc7 Qxc7 10.
a5 O-O 11. e3 e5 12. Nf3 e4 13. Nd2 Bf5 14. Be2 Nbd7 15. Qb3 Ne8 16. c4 Be6 17. c5 f5 18. O-O-O f4 19. f3 Nef6 20.
fxe4 Rae8 21. e5 Ne4 22. Nxe4 dxe4 23. Bc4 Bxc4 24. Nxc4 Kh8 25. Nd6 Re7 26. exf4 h6 27. f5 Nxe5 28. dxe5 Rxe5 29. Rhe1 Qe7 30. Re3 Qg5 31.
h4 Qxg2 32. Nf7+ Rxf7 33. Qxf7 Qf2 34. Rd8+ Kh7 35. Qg6# 1-0

[Event "Late-Titled-Tuesday-Blitz-February-06-2024"]
[Site "Chess.com"]
[Date "2024.02.06"]
[Round "11"]
[White "reevecanada"]
[Black "Ticondriul"]
[Result "1/2-1/2"]
[WhiteElo "2587"]
[BlackElo "2739"]
[TimeControl "180+1"]
[EndTime "16:02:46 PST"]
[Termination "Game drawn by repetition"]

1. e4 Nc6 2. d4 e5 3. d5 Nce7 4. c4 Nf6 5. Nc3 Ng6 6. h4 h5 7. Bd3 Bc5 8. Nge2 Ng4 9. f3 Nf2 10. Qc2 Nxh1 11. Bg5 f6 12. Bd2 Nf2 13. Na4 Nxd3+ 14.
Qxd3 Be7 15. Ng3 d6 16. O-O-O Nxh4 17. Rh1 Nxg2 18. Qf1 Nf4 19. Bxf4 exf4 20. Nxh5 Kf8 21. Nxf4 Rxh1 22. Qxh1 Kg8 23. Ng6 Qe8 24. Qh8+ Kf7 25.
Qh5 Bd8 26. Ne5+ Ke7 27. Ng6+ Kf7 28. Ne5+ Ke7 29. Ng6+ Kf7 1/2-1/2

[Event "Late-Titled-Tuesday-Blitz-February-06-2024"]
[Site "Chess.com"]
[Date "2024.02.06"]
[Round "11"]
[White "Rawnsdale"]
[Black "JoakimVonAnd"]
[Result "0-1"]
[WhiteElo "2531"]
[BlackElo "2675"]
[TimeControl "180+1"]
[EndTime "16:02:47 PST"]
[Termination "JoakimVonAnd won by checkmate"]

1. e4 c6 2. Nf3 d5 3. Nc3 Nf6 4. e5 Ne4 5. d3 Nxc3 6. bxc3 c5 7.
Be2 Nc6 8. O-O Bf5 9. Bf4 e6 10. Rb1 Qc7 11. Nh4 Bg6 12. Re1 Be7 13. Nxg6 hxg6 14.
Bf3 O-O-O 15. Bg3 Bh4 16. Bf4 g5 17. Bd2 Nxe5 18. d4 Nc4 19. Be3 f5 20. dxc5 g4 21.
Be2 Qxh2+ 22. Kxh2 Bxf2+ 23. Bh6 Rxh6# 0-1

[Event "Late-Titled-Tuesday-Blitz-February-06-2024"]
[Site "Chess.com"]
[Date "2024.02.06"]
[Round "11"]
[White "mishanick"]
[Black "GMKrikor"]
[Result "1-0"]
[WhiteElo "3041"]
[BlackElo "2845"]
[TimeControl "180+1"]
[EndTime "16:02:53 PST"]
[Termination "mishanick won by checkmate"]

1. c4 c5 2. Nf3 Nc6 3. d4 cxd4 4. Nxd4 Nf6 5. Nc3 e6 6. e4 Bb4 7. Nxc6 dxc6 8. Qxd8+ Kxd8 9. e5 Ne4 10. a3 Bxc3+ 11.
bxc3 Kc7 12. f3 Nc5 13. Be3 b6 14. h4 h5 15. Rh3 Ba6 16. Rg3 g6 17. Bg5 Nb3 18. Rd1 c5 19. Bf6 Rhg8 20. Rg5 Na5 21. g4 Bxc4 22. gxh5 gxh5 23. Rxh5 Bxf1 24. Kxf1 Nc4 25.
Kf2 Rg6 26. Rh7 Rag8 27. Rxf7+ Kc6 28. Bg5 Nxe5 29. Rxa7 Rf8 30. f4 Nc4 31. a4 e5 32.
Rdd7 exf4 33. Rac7# 1-0

[Event "Late-Titled-Tuesday-Blitz-February-06-2024"]
[Site "Chess.com"]
[Date "2024.02.06"]
[Round "11"]
[White "lluiss"]
[Black "Ready4abattle"]
[Result "0-1"]
[WhiteElo "2152"]
[BlackElo "2307"]
[TimeControl "180+1"]
[EndTime "16:02:53 PST"]
[Termination "Ready4abattle won by resignation"]

1. e4 c5 2. Nf3 Nc6 3. d4 cxd4 4. Nxd4 e5 5. Nxc6 bxc6 6. Bc4 Nf6 7. Bg5 h6 8. Bxf6 Qxf6 9. O-O Bc5 10. Nc3 O-O 11. Na4 Be7 12. a3 d6 13. Nc3 Qg6 14. Kh1 Rb8 15. b3 Bg4 16. f3 Be6 17. Qe2 Rbd8 18. Rad1 Kh8 19. Bxe6 Qxe6 20. Qa6 Qd7 21.
Rd3 Qc7 22. Rfd1 f5 23. b4 fxe4 24. Nxe4 d5 25. Nc5 Bxc5 26. bxc5 Rde8 27. Rb3 e4 28. Rb7 Qe5 29. Qxc6 exf3 30. gxf3 Rxf3 31. Qxd5 Rf1+ 32. Kg2 Qe2+ 0-1

[Event "Late-Titled-Tuesday-Blitz-February-06-2024"]
[Site "Chess.com"]
[Date "2024.02.06"]
[Round "11"]
[White "frequentblunders"]
[Black "CFalcons8"]
[Result "0-1"]
[WhiteElo "2156"]
[BlackElo "2348"]
[TimeControl "180+1"]
[EndTime "16:03:00 PST"]
[Termination "CFalcons8 won on time"]

1. d3 e6 2. Nf3 d5 3. g3 Nf6 4. Bg2 Bd6 5. O-O O-O 6. Nbd2 b6 7.
e4 dxe4 8. Nxe4 Nxe4 9. dxe4 e5 10.
Be3 Bb7 11. Nd2 Qe7 12. Nc4 Bc5 13. Qe2 Nd7 14. Rad1 Bxe3 15. Nxe3 g6 16. Nd5 Bxd5 17. exd5 Qd6 18. c4 f5 19. Rfe1 a5 20. a3 Rae8 21. Qc2 e4 22. Qc3 Qe5 23. Qxe5 Nxe5 24. Rd4 Nd3 25.
Re2 a4 26. Rd2 Nc5 27. Re2 Nb3 28. Rd1 Na5 29. Rc2 Rd8 30. Bf1 c6 31. d6 c5 32.
Rcd2 Rd7 0-1

[Event "Late-Titled-Tuesday-Blitz-February-06-2024"]
[Site "Chess.com"]
[Date "2024.02.06"]
[Round "11"]
[White "Elsa167"]
[Black "traviscottofficial"]
[Result "0-1"]
[WhiteElo "2882"]
[BlackElo "2694"]
[TimeControl "180+1"]
[EndTime "16:03:03 PST"]
[Termination "traviscottofficial won by resignation"]

1. e4 c5 2. Nf3 Nc6 3. Bb5 e6 4.
O-O Nge7 5. Re1 a6 6. Bxc6 Nxc6 7. d4 cxd4 8. Nxd4 Qc7 9. Nc3 b5 10. Nxc6 dxc6 11. e5 Bb7 12. Qg4 c5 13. Bg5 h5 14. Qf4 Be7 15. Rad1 O-O 16. Ne4 Bxe4 17. Rxe4 Rfd8 18. Rde1 Rd5 19. Qh4 Bxg5 20. Qxg5 g6 21.
g4 hxg4 22. Rxg4 Qd8 23. Qh6 Rd1 24. Re4 Qd2 25. Qxd2 Rxd2 26. R4e2 Rxe2 27. Rxe2 Rd8 28. f4 Rd4 29. Rf2 Kg7 30. Kg2 f6 31. exf6+ Kxf6 32. Kf3 Kf5 33. Kg3 Re4 34. b3 Re3+ 35. Rf3 Re2 36. Rc3 c4 37. bxc4 b4 38. Rb3 a5 39.
a3 Rxc2 40. axb4 axb4 41. Rxb4 Rc3+ 42. Kg2 Kxf4 43. Rb6 Rc2+ 44. Kh3 g5 0-1

[Event "Late-Titled-Tuesday-Blitz-February-06-2024"]
[Site "Chess.com"]
[Date "2024.02.06"]
[Round "11"]
[White "iwanyu"]
[Black "tptagain"]
[Result "1-0"]
[WhiteElo "2866"]
[BlackElo "2953"]
[TimeControl "180+1"]
[EndTime "16:03:07 PST"]
[Termination "iwanyu won on time"]

1. d4 d5 2. c4 e6 3. Nf3 c6 4. Nbd2 Nf6 5. g3 Be7 6. Bg2 O-O 7. O-O b6 8. b3 Bb7 9. Bb2 a5 10. Qc2 Na6 11. a3 Rc8 12. e4 Re8 13. Rad1 Qc7 14.
h4 h6 15. Rfe1 Qb8 16. Ne5 c5 17. exd5 exd5 18. Bh3 Bf8 19. Ndf3 Rcd8 20. dxc5 Nxc5 21. Nxf7 Kxf7 22. Bxf6 gxf6 23. Qh7+ Bg7 24. Nd4 dxc4 25. Nf5 1-0

[Event "Late-Titled-Tuesday-Blitz-February-06-2024"]
[Site "Chess.com"]
[Date "2024.02.06"]
[Round "11"]
[White "BelaKis"]
[Black "Bala-Afiada"]
[Result "1-0"]
[WhiteElo "2227"]
[BlackElo "2027"]
[TimeControl "180+1"]
[EndTime "16:03:09 PST"]
[Termination "BelaKis won on time"]

1. d4 Nf6 2. c4 e6 3. a3 d5 4. Nc3 c6 5. e3 Bd6 6. Nf3 O-O 7. Bd3 dxc4 8. Bxc4 b5 9. Bd3 Bb7 10. e4 Be7 11. e5 Nd5 12. h4 a6 13.
Bxh7+ Kh8 14. Bc2 f5 15. exf6 Nxf6 16. Ng5 c5 17. Nxe6 Qd7 18. Nxf8 Bxf8 19. dxc5 Bxg2 20. Qxd7 Nbxd7 21. Rg1 Bf3 22. Be3 Re8 23. Kd2 Nxc5 24. Rae1 Rd8+ 25. Kc1 Be7 26. Bg5 1-0

[Event "Late-Titled-Tuesday-Blitz-February-06-2024"]
[Site "Chess.com"]
[Date "2024.02.06"]
[Round "11"]
[White "SocoLoco"]
[Black "smotherhubbard"]
[Result "0-1"]
[WhiteElo "2164"]
[BlackElo "2324"]
[TimeControl "180+1"]
[EndTime "16:03:11 PST"]
[Termination "smotherhubbard won by checkmate"]

1. e4 e6 2. d4 d5 3. exd5 exd5 4. Nc3 Nf6 5. Nf3 Bb4 6. Be2 O-O 7. O-O Re8 8. h3 Bxc3 9. bxc3 Ne4 10. c4 Nc3 11. Qd3 Nxe2+ 12. Kh1 Nxc1 13. Raxc1 Nc6 14. cxd5 Qxd5 15.
c4 Qh5 16. d5 Ne7 17. Rfd1 Ng6 18. Nd4 Bd7 19. Qf3 Qxf3 20. Nxf3 Re2 21. c5 Rxf2 22.
Rb1 b6 23. c6 Bf5 24. Rbc1 Nf4 25. Nd4 Be4 26. Nb5 Rxg2 27. Nxc7 Rf2+ 28. Kg1 Nxh3# 0-1

[Event "Late-Titled-Tuesday-Blitz-February-06-2024"]
[Site "Chess.com"]
[Date "2024.02.06"]
[Round "11"]
[White "mbojan"]
[Black "alphienothere"]
[Result "1/2-1/2"]
[WhiteElo "2804"]
[BlackElo "2308"]
[TimeControl "180+1"]
[EndTime "16:03:13 PST"]
[Termination "Game drawn by repetition"]

1. d4 Nf6 2. c4 c5 3. d5 e6 4. Nc3 exd5 5. cxd5 d6 6. e4 g6 7. Nf3 Bg7 8. Be2 O-O 9. O-O Bg4 10. Nd2 Bxe2 11. Qxe2 Nbd7 12. Nc4 Nb6 13. Bf4 Nxc4 14. Qxc4 Re8 15. Rfe1 a6 16. a4 Qc7 17. h3 Nd7 18. Ra2 Ne5 19. Bxe5 Bxe5 20. a5 Re7 21. b3 Rae8 22. f3 f5 23. Ne2 fxe4 24. f4 Bh8 25.
f5 gxf5 26. Rf1 Rf7 27. Nf4 Bd4+ 28. Kh1 Qd8 29. Ne6 Qh4 30. Re2 Rf6 31. Qc1 Rfxe6 32. dxe6 Qh5 33. Qc4 d5 34. Qxd5 Qxe2 35. Qxf5 Kh8 36.
Qf7 Rg8 37. Rg1 Bxg1 38. Qf6+ Rg7 39. Qf8+ Rg8 40. Qf6+ Rg7 41. Qf8+ Rg8 42. Qf6+ 1/2-1/2

[Event "Late-Titled-Tuesday-Blitz-February-06-2024"]
[Site "Chess.com"]
[Date "2024.02.06"]
[Round "11"]
[White "RantomOpening"]
[Black "wild3000"]
[Result "1-0"]
[WhiteElo "2508"]
[BlackElo "2366"]
[TimeControl "180+1"]
[EndTime "16:03:17 PST"]
[Termination "RantomOpening won on time"]

1. e4 a6 2. c4 c5 3. Nf3 e6 4. b3 d5 5. Nc3 d4 6. Ne2 Nc6 7. Ng3 e5 8. d3 Nf6 9. Be2 Be7 10. O-O O-O 11. a3 a5 12. Nh4 Nxe4 13. Nxe4 Bxh4 14. Nxc5 Be7 15. Ne4 f5 16. Ng3 Bd6 17. f4 Qc7 18. fxe5 Bxe5 19. Bf3 Bxg3 20. hxg3 Qxg3 21. Bf4 Qg6 22.
Re1 Bd7 23. Bh5 Qf6 24. Qf3 Be6 25. Qg3 Bf7 26. Bg5 f4 27. Qh4 Qf5 28. Bg4 Qxd3 29. Rad1 Qxb3 30. Bf5 g6 31. Qh6 Be8 32. Be6+ Rf7 33.
Bf6 1-0

[Event "Late-Titled-Tuesday-Blitz-February-06-2024"]
[Site "Chess.com"]
[Date "2024.02.06"]
[Round "11"]
[White "K_A_S_T_O_R"]
[Black "HansOnTwitch"]
[Result "0-1"]
[WhiteElo "2871"]
[BlackElo "3135"]
[TimeControl "180+1"]
[EndTime "16:03:19 PST"]
[Termination "HansOnTwitch won by resignation"]

1. e4 c5 2. Nf3 d6 3. d4 cxd4 4.
Nxd4 Nf6 5. Nc3 a6 6. Bg5 Nbd7 7. Bc4 Qb6 8. Bb3 e6 9. Bxf6 Nxf6 10. Qd2 Qc7 11. O-O-O b5 12. a3 Bb7 13. Rhe1 Be7 14. f4 O-O-O 15. f5 e5 16. Nf3 Rhf8 17. Ng5 d5 18.
Nxd5 Nxd5 19. exd5 Bxg5 20. Qxg5 f6 21. Qe3 Rd6 22.
Rd2 Rfd8 23. Red1 Kb8 24. g4 Qd7 25. Qc5 Rc8 26. Qb4 Qc7 27. Rd3 Qc5 28. Rc3 Qxb4 29. axb4 Rh8 30. h4 h5 31. Rg3 hxg4 32. Rxg4 Rh7 33. Kd2 Kc7 34. Ke3 Rd7 35. Ba2 Kb6 36.
Ke4 a5 37. bxa5+ Kxa5 38. c3 Kb6 39. Rdg1 Kc5 40. b4+ Kd6 41. Rxg7 Rdxg7 0-1

[Event "Late-Titled-Tuesday-Blitz-February-06-2024"]
[Site "Chess.com"]
[Date "2024.02.06"]
[Round "11"]
[White "Arystanner"]
[Black "AmanteDeMoi"]
[Result "1-0"]
[WhiteElo "2858"]
[BlackElo "2607"]
[TimeControl "180+1"]
[EndTime "16:03:22 PST"]
[Termination "Arystanner won on time"]

1. e4 g6 2. h4 h5 3. d4 Bg7 4.
Nc3 c6 5. Nge2 d5 6. Be3 dxe4 7. Nxe4 Nd7 8. Qd2 Ngf6 9. N2c3 Qa5 10. Nxf6+ Nxf6 11. O-O-O Be6 12. a3 b5 13. Ne4 Qxd2+ 14. Nxd2 Ng4 15.
Bd3 a5 16. Be4 Bd5 17. Bxd5 cxd5 18. Nb3 e6 19. Kb1 Kd7 20. Rhe1 Nxe3 21. fxe3 Kd6 22. e4 dxe4 23. Rxe4 a4 24. Nc5 Rhc8 25. Nd3 Kd5 26. Rf4 Ra7 27. Nb4+ Kd6 28. d5 e5 29. Rf3 e4 30.
Re3 Re7 31. Rde1 f5 32. Rg3 Ke5 33. Rxg6 Bf6 34. g3 Rc4 35. Nd3+ Kd4 36. Rxf6 exd3 37. c3+ Rxc3 38. bxc3+ Kc4 39. Rxe7 1-0

[Event "Late-Titled-Tuesday-Blitz-February-06-2024"]
[Site "Chess.com"]
[Date "2024.02.06"]
[Round "11"]
[White "Fh2411"]
[Black "DavidGavrilescu18"]
[Result "1-0"]
[WhiteElo "2625"]
[BlackElo "2767"]
[TimeControl "180+1"]
[EndTime "16:03:31 PST"]
[Termination "Fh2411 won by resignation"]

1. d4 d5 2. Nf3 c5 3. c3 Nf6 4. Bf4 Qb6 5. Qb3 Nc6 6. e3 c4 7. Qc2 Bf5 8. Qc1 Nh5 9. Nbd2 Nxf4 10. exf4 Qc7 11. g3 e6 12. Be2 Bd6 13. O-O O-O 14. Re1 b5 15. Ne5 f6 16. Nxc6 Qxc6 17. a3 a5 18. Bd1 b4 19. Bc2 Bh3 20. Qb1 bxc3 21.
Bxh7+ Kh8 22. bxc3 Rab8 23. Qc2 Qd7 24. Bg6 Bg4 25. Nf1 f5 26. Ne3 Bf3 27. Ng2 Be7 28.
Re3 Be4 29. Qe2 Rb6 30. Qh5+ 1-0

[Event "Late-Titled-Tuesday-Blitz-February-06-2024"]
[Site "Chess.com"]
[Date "2024.02.06"]
[Round "11"]
[White "krzyzan94"]
[Black "lachesisQ"]
[Result "1-0"]
[WhiteElo "2810"]
[BlackElo "3031"]
[TimeControl "180+1"]
[EndTime "16:03:33 PST"]
[Termination "krzyzan94 won by resignation"]

1. d4 c5 2. d5 e5 3. e4 d6 4. Nf3 Be7 5. Bb5+ Nd7 6. a4 f6 7. O-O g6 8. a5 a6 9. Bd3 Kf7 10. Nbd2 h5 11. Nc4 Kg7 12. Nh4 Nh6 13. f4 exf4 14.
Nxg6 Kxg6 15. e5+ Kg7 16. exd6 Bxd6 17. Nxd6 Ne5 18. Nxc8 Rxc8 19. Be4 Nhf7 20. Bxf4 Qd7 21. Bxe5 Nxe5 22. Bf5 Qf7 23. Be6 Qg6 24. Ra3 h4 25.
Bxc8 Rxc8 26. Rb3 Rc7 27. Qe1 Qxc2 28. Rb6 Rf7 29. Qxh4 Ng6 30. Qf2 Qd3 31. Rxf6 Rxf6 32. Qxf6+ Kh7 33. d6 c4 34. Qf7+ Kh6 35. d7 1-0

[Event "Late-Titled-Tuesday-Blitz-February-06-2024"]
[Site "Chess.com"]
[Date "2024.02.06"]
[Round "11"]
[White "Adar_07"]
[Black "Nf3c5"]
[Result "1-0"]
[WhiteElo "2723"]
[BlackElo "2569"]
[TimeControl "180+1"]
[EndTime "16:03:41 PST"]
[Termination "Adar_07 won on time"]

1. e4 e5 2. Nf3 d6 3. Nc3 Nf6 4.
Bc4 Be7 5. d4 exd4 6. Nxd4 O-O 7. Bb3 Re8 8. O-O Bf8 9. Bg5 h6 10. Bh4 Nc6 11. Re1 Nxd4 12. Qxd4 Be7 13. Rad1 c6 14.
e5 dxe5 15. Qxe5 Bd7 16. Qf4 g5 17. Bxg5 hxg5 18. Qxg5+ Kh8 19. Bxf7 Nh7 20. Qh5 Rg8 21. Bxg8 Kxg8 22. Qg6+ Kh8 23. Qf7 Qe8 24. Qxe8+ Bxe8 25. Rxe7 Bg6 26. Rxb7 Bxc2 27. Rdd7 Re8 28. f3 Re1+ 29. Kf2 Re8 30. Rxa7 Bg6 31. Rd6 Bc2 32. Rxc6 Ng5 33. Nd5 1-0

[Event "Late-Titled-Tuesday-Blitz-February-06-2024"]
[Site "Chess.com"]
[Date "2024.02.06"]
[Round "11"]
[White "delqate"]
[Black "Cambek64"]
[Result "0-1"]
[WhiteElo "2371"]
[BlackElo "2506"]
[TimeControl "180+1"]
[EndTime "16:03:41 PST"]
[Termination "Cambek64 won on time"]

1. d4 c5 2. d5 e5 3. c4 d6 4. Nc3 Be7 5. e4 Nf6 6. Bd3 O-O 7. Nge2 Ne8 8. a3 Nd7 9. b4 Bg5 10. g3 Bxc1 11. Qxc1 a5 12. b5 Nb6 13. Qe3 Bh3 14. O-O-O f5 15. f4 fxe4 16. Nxe4 exf4 17. Nxf4 Bg4 18. Rde1 Nf6 19. Ng5 Qd7 20. Nge6 Rfe8 21. h3 Bxe6 22. Nxe6 Re7 23. g4 Rae8 24. g5 Nh5 25.
Qf3 g6 26. Rhf1 Qc8 27. Kb2 Nd7 28. a4 Ne5 29. Rxe5 dxe5 30. Qe4 Ng7 31. Rf6 Nxe6 32. dxe6 Rxe6 33. Qd5 Kg7 34. Rf1 e4 35. Bc2 Rd8 0-1

[Event "Late-Titled-Tuesday-Blitz-February-06-2024"]
[Site "Chess.com"]
[Date "2024.02.06"]
[Round "11"]
[White "Viktor_Poddubnyi"]
[Black "NovakRatko"]
[Result "0-1"]
[WhiteElo "2275"]
[BlackElo "2402"]
[TimeControl "180+1"]
[EndTime "16:03:43 PST"]
[Termination "NovakRatko won on time"]

1. e4 d5 2. exd5 c6 3. dxc6 Nxc6 4.
Nf3 e5 5. d3 Bc5 6. Nc3 f5 7.
Be2 Nf6 8. O-O O-O 9. Be3 Bxe3 10. fxe3 Qb6 11. Qc1 f4 12. b3 Ng4 13. Nd5 Qc5 14. c4 Nxe3 15. Nxe3 fxe3 16. Ng5 Bd7 17. Ne4 Qd4 18. Qc3 a5 19. Rxf8+ Rxf8 20. Rf1 Rd8 21.
Qe1 Qb6 22. Qg3 Nd4 0-1

[Event "Late-Titled-Tuesday-Blitz-February-06-2024"]
[Site "Chess.com"]
[Date "2024.02.06"]
[Round "11"]
[White "TheoSlade"]
[Black "yuriydovzik"]
[Result "1-0"]
[WhiteElo "2431"]
[BlackElo "2196"]
[TimeControl "180+1"]
[EndTime "16:03:43 PST"]
[Termination "TheoSlade won on time"]

1. d4 Nf6 2. c4 e6 3. g3 c6 4. Bg2 d5 5. Nf3 Be7 6. O-O O-O 7. Qc2 b6 8. Nbd2 Bb7 9. e4 dxe4 10.
Nxe4 Nbd7 11. Nxf6+ Nxf6 12. Rd1 Qc7 13. Bf4 Bd6 14.
Bxd6 Qxd6 15. c5 Qc7 16. Ne5 Nd5 17. Nc4 b5 18. Nd6 a5 19. Be4 Nf6 20. Bf3 b4 21. Re1 Ba6 22. Kg2 Rad8 23. Rad1 Ne8 24. Ne4 Bb5 25.
h4 h6 26. h5 Qe7 27. Qc1 f5 28. Nd6 Nxd6 29. cxd6 Qxd6 30. Re5 Rf6 31. Qc5 Qd7 32. Rc1 f4 33. Bxc6 Bxc6+ 34. Qxc6 fxg3 35. Qxd7 Rxd7 36. Kxg3 Rxd4 37. Rxa5 Rd3+ 38. Kg2 Rd2 39. Rf1 Rxb2 40. Ra8+ Kh7 41. Kg3 Rf5 42. Ra6 Rxh5 43. Rxe6 Ra5 44. Re7 1-0

[Event "Late-Titled-Tuesday-Blitz-February-06-2024"]
[Site "Chess.com"]
[Date "2024.02.06"]
[Round "11"]
[White "DeArron_Fox"]
[Black "falzehope0"]
[Result "1-0"]
[WhiteElo "2503"]
[BlackElo "2365"]
[TimeControl "180+1"]
[EndTime "16:03:44 PST"]
[Termination "DeArron_Fox won by resignation"]

1. d4 e6 2. c4 d5 3. Nc3 f5 4. Nf3 c6 5. Ne5 Nf6 6. e3 Bd6 7. f4 O-O 8. Be2 Nbd7 9. O-O dxc4 10. Nxc4 Bc7 11. b3 Nd5 12. Qd2 N7f6 13. Bf3 Re8 14. a3 a5 15. a4 Nb4 16. Ba3 Nfd5 17. Nxd5 Nxd5 18. Ne5 Bd7 19. e4 fxe4 20. Bxe4 Nf6 21. Bc2 Qc8 22. Qd3 Qd8 23. Rf3 Bc8 24. Rh3 Bb6 25. Rd1 Qd5 26. Qxh7+ Nxh7 27. Bxh7+ 1-0

[Event "Late-Titled-Tuesday-Blitz-February-06-2024"]
[Site "Chess.com"]
[Date "2024.02.06"]
[Round "11"]
[White "ContrVersia"]
[Black "DonMicheleCorleone"]
[Result "1-0"]
[WhiteElo "2842"]
[BlackElo "2527"]
[TimeControl "180+1"]
[EndTime "16:03:46 PST"]
[Termination "ContrVersia won by checkmate"]

1. e4 e6 2. Nf3 d5 3. Nc3 Nf6 4. e5 Ne4 5. Ne2 Ng5 6. Nfg1 f6 7. d4 Nf7 8. f4 c5 9. c3 Nc6 10. Nf3 Qb6 11. a3 Bd7 12. h4 Rc8 13. b3 cxd4 14. cxd4 Nh6 15. g3 Na5 16. Rb1 Qc7 17. Bh3 Qc2 18.
Qxc2 Rxc2 19. Kd1 Ra2 20. Nc3 Rf2 21. Ne1 Be7 22. Be3 O-O 23. Bxf2 Rc8 24. Nxd5 Bxa3 25. exf6 Kf7 26. Ne3 Nxb3 27. d5 Nd4 28. Rxb7 Kxf6 29. Ng4+ Nxg4 30. Bxd4+ e5 31. fxe5+ Kg6 32. Rxd7 Rc1+ 33.
Ke2 Kf5 34. Rf1+ Ke4 35. Rf4# 1-0

[Event "Late-Titled-Tuesday-Blitz-February-06-2024"]
[Site "Chess.com"]
[Date "2024.02.06"]
[Round "11"]
[White "howitzer14"]
[Black "campochess"]
[Result "1-0"]
[WhiteElo "2948"]
[BlackElo "2121"]
[TimeControl "180+1"]
[EndTime "16:03:49 PST"]
[Termination "howitzer14 won by resignation"]

1. b3 e5 2. Bb2 Nc6 3. e3 d5 4. Bb5 Bd6 5. f4 Qh4+ 6. g3 Qe7 7. Nc3 Nf6 8. Qf3 e4 9. Qg2 Bd7 10. g4 Nb4 11. O-O-O c6 12. g5 Ng8 13. Be2 O-O-O 14. Kb1 Na6 15. Bxa6 bxa6 16. Nxe4 dxe4 17. Bxg7 Qe6 18.
Bxh8 Ne7 19. Bb2 Rg8 20. Ne2 c5 21. h4 Nc6 22. Nc3 Re8 23. f5 Qxf5 24. Rdf1 Qe6 25. Rf6 Qe7 26. Rhf1 Be5 27. Rxf7 Qd8 28. Rxh7 Re7 29. Rxe7 Nxe7 30. Qxe4 Qc7 31. Qa8+ Qb8 32. Qxb8+ Bxb8 33. Rf8+ Kc7 34. h5 Kb7 35. Ne4 Nd5 36.
Nxc5+ 1-0